 Dungeon Crawl Stone Soup version 0.29.0-4-gdea44cf6ec (webtiles) character file.

Game seed: 17949804828637915216

229 qw the Chopper (level 6, -1/35 HPs)
             Began as a Tengu Warper on Aug 28, 2022.
             Slain by a gnoll
             ... wielding a +0 spear
             ... led by a gnoll bouda
              (8 damage)
             ... on level 4 of the Dungeon.
             The game lasted 00:00:21 (3256 turns).

qw the Chopper (Tengu Warper)                       Turns: 3256, Time: 00:00:22

Health: -1/35      AC:  8    Str: 13    XL:     6   Next: 3%
Magic:  10/10      EV:  7    Int: 14    God:
Gold:   211        SH:  5    Dex: 13    Spells: 9/9 levels left

rFire   + . .      SeeInvis .   Y - +0 hand axe (vorpal)
rCold   + . .      Faith    .   (no shield)
rNeg    . . .      Spirit   .   p - +0 chain mail
rPois   .          Reflect  +   (helmet restricted)
rElec   .          Harm     .   h - scarf {rC+ rF+}
rCorr   .          Rampage  .   (no gloves)
Will    .....                   (boots unavailable)
Stlth   ..........              j - amulet of reflection
HPRegen 0.11/turn               (no ring)
MPRegen 0.12/turn               (no ring)

@: about to teleport, flying quickly and evasively, quick
A: beak, talons 3, nimble flight
a: no special abilities


You were on level 4 of the Dungeon.
You visited 1 branch of the dungeon, and saw 4 of its levels.

You collected 211 gold pieces.


Innate Abilities, Weirdness & Mutations

You have a beak for a mouth.
You have claws for feet.
Your magical nature lets you fly swiftly and evasively.


   Skills:
 - Level 2.0 Fighting
 + Level 6.4 Axes
 - Level 1.0 Throwing
 - Level 2.0 Armour
 - Level 2.1 Dodging
 - Level 2.0 Spellcasting
 - Level 2.4 Translocations


You had 9 spell levels left.
You didn't know any spells.
Your spell library contained the following spells:

 Spells                   Type           Power      Damage    Failure   Level
 Blink                    Tloc           16%        N/A       99%         2
 Gell's Gravitas          Tloc           8%         N/A       100%        3
 Lesser Beckoning         Tloc           8%         N/A       100%        3
 Teleport Other           Tloc           8%         N/A       100%        3
 Manifold Assault         Tloc           8%         N/A       100%        5

Inventory:

Hand Weapons
 k - a +0 mace
 Y - a +0 vorpal hand axe (weapon)
Missiles
 b - a boomerang (quivered)
Armour
 h - a scarf of resistance (worn)
 p - a +0 chain mail (worn)
Jewellery
 j - an amulet of reflection (around neck)
Scrolls
 a - a scroll of identify
 f - 2 scrolls of teleportation
Potions
 c - 2 potions of attraction {unknown}
 d - a potion of might
 e - a potion of flight {unknown}
 l - a potion of resistance {unknown}
 m - 3 potions of curing
 n - a potion of cancellation

Dungeon Overview and Level Annotations

Branches:
Dungeon (4/15)
 Temple: D:4-7

Altars:
Ashenzari
Sif Muna


Message History

You hit the endoplasm.
You kill the endoplasm!
You start resting.
HP restored.
c - 2 fuming ruby potions
m - 3 potions of curing (gained 1)
Found a book of Scorching. 2 gnolls come into view.
Found a stone staircase leading down.
The gnoll shouts!
You hear a shout!
A gnoll comes into view. It is wielding a +0 whip.
A gnoll bouda comes into view. It is wielding a +0 club.
You hear a shout!
Enter note:
3246 ||| Stepping ~*~*~tactically~*~*~ (hiding).
You start waiting.
There are monsters nearby!
3251 ||| Stepping ~*~*~tactically~*~*~ (hiding).
A gnoll comes into view. It is wielding a +0 spear.
The gnoll shouts! x2
The gnoll hits you with a +0 halberd! The gnoll hits you but does no damage.
You hit the gnoll bouda but do no damage.
You claw the gnoll bouda.
The gnoll bouda is lightly wounded.
You hit the gnoll but do no damage. The gnoll barely misses you. x2
The gnoll bouda barks out a call to the hunt!
The gnolls pick up the pace!
You barely miss the gnoll bouda. You peck the gnoll bouda.
The gnoll bouda is moderately wounded.
You barely miss the gnoll.
The gnoll bouda hits you with a +0 club.
The gnoll barely misses you.
The gnoll hits you from afar with a +0 spear.
The gnoll hits you with a +0 halberd!
3256 ||| READING 3 scrolls of teleportation.
As you read the scroll of teleportation, it crumbles to dust.
You feel strangely unstable.
The gnoll hits you from afar with a +0 spear!
You die...

##.## ##.##
#..# ##.##
##.## ##.##
#..# ##.##
##@#
.....ggg.#
.....g...#
.....g....
........#..
......####..
#.>.## ...
#### .#..


You could see a gnoll bouda and 4 gnolls.

Vanquished Creatures
  A necrophage (D:4)
  A jelly (D:4)
  An orc wizard (D:4)
  2 adders
  4 worms
  A dart slug (D:3)
  4 orcs (D:4)
  2 ball pythons
  8 bats
  9 endoplasms
  3 giant cockroaches
  7 hobgoblins
  8 jackals
  9 kobolds
  3 quokkas (D:2)
  4 frilled lizards
  2 goblins (D:1)
  5 rats
74 creatures vanquished.

Vanquished Creatures (others)
  5 plants (D:1)
5 creatures vanquished.

Grand Total: 79 creatures vanquished

Notes
Turn   | Place    | Note
-------+----------+-------------------------------------------
     0 | D:1      | qw the Tengu Warper began the quest for the Orb.
     0 | D:1      | Reached XP level 1. HP: 12/12 MP: 4/4
     0 | D:1      | 0 ||| qw: Version: 0.1-a-89-g26bdef1
     0 | D:1      | 0 ||| qw: Game counter: 1884
     0 | D:1      | 0 ||| qw: Always use a shield: true
     0 | D:1      | 0 ||| qw: God list: Okawaru
     0 | D:1      | 0 ||| qw: Allow faded altars: false
     0 | D:1      | 0 ||| qw: Do Orc after D:15 true
     0 | D:1      | 0 ||| qw: Do second Lair branch before Depths: true
     0 | D:1      | 0 ||| qw: Lair rune preference: random
     0 | D:1      | 0 ||| qw: Plans: Normal
     0 | D:1      | 0 ||| PLANNING D:1-11
    15 | D:1      | Found a faded altar of an unknown god.
   219 | D:1      | 219 ||| DROPPING +0 club.
   223 | D:1      | Reached XP level 2. HP: 17/17 MP: 6/6
   238 | D:1      | Reached skill level 3 in Axes
   590 | D:1      | 590 ||| Stepping ~*~*~tactically~*~*~ (stealth).
   774 | D:1      | 774 ||| Stepping ~*~*~tactically~*~*~ (stealth).
   777 | D:1      | 777 ||| Stepping ~*~*~tactically~*~*~ (stealth).
   782 | D:1      | Reached XP level 3. HP: 20/21 MP: 7/7
   945 | D:1      | 945 ||| UPGRADING to scarf of resistance.
   950 | D:1      | 950 ||| UPGRADING to +0 chain mail.
   960 | D:1      | 960 ||| DROPPING +0 leather armour.
   961 | D:1      | 961 ||| READING 2 scrolls labelled DUIMPEBURPH.
   962 | D:1      | 962 ||| READING 2 scrolls labelled PITIARPH DISSUS.
   967 | D:1      | 967 ||| Stepping ~*~*~tactically~*~*~ (stealth).
   968 | D:1      | 968 ||| Stepping ~*~*~tactically~*~*~ (stealth).
   969 | D:1      | 969 ||| READING scroll labelled TAC AN HECHOZYT.
   970 | D:1      | 970 ||| READING scroll labelled ZIDADA RARAOSE.
   976 | D:1      | 976 ||| Stepping ~*~*~tactically~*~*~ (stealth).
   980 | D:1      | 980 ||| Stepping ~*~*~tactically~*~*~ (stealth).
   985 | D:1      | 985 ||| Stepping ~*~*~tactically~*~*~ (stealth).
   987 | D:1      | 987 ||| Stepping ~*~*~tactically~*~*~ (stealth).
   990 | D:1      | 990 ||| Stepping ~*~*~tactically~*~*~ (stealth).
  1110 | D:1      | 1110 ||| READING scroll labelled UGATAL DAOZO.
  1111 | D:1      | 1111 ||| READING scroll labelled HUIPASU BUMAOF.
  1112 | D:1      | 1112 ||| DRINKING 2 fizzy brown potions.
  1113 | D:1      | 1113 ||| DROPPING scroll of blinking.
  1211 | D:2      | Reached skill level 4 in Axes
  1634 | D:2      | Reached XP level 4. HP: 26/26 MP: 8/8
  2068 | D:2      | 2068 ||| UPGRADING to amulet of reflection.
  2073 | D:2      | 2073 ||| READING scroll labelled YFI CAEGESI.
  2074 | D:2      | 2074 ||| READING scroll labelled ISMEMU NEFUETE.
  2075 | D:2      | 2075 ||| READING scroll labelled OPTORGH RIPIRO.
  2076 | D:2      | 2076 ||| READING scroll labelled HIVIUPSU JIURI.
  2077 | D:2      | 2077 ||| READING scroll labelled NEPSYCVUKI.
  2178 | D:2      | 2178 ||| DRINKING 2 clear potions.
  2179 | D:2      | 2179 ||| READING 2 scrolls of identify.
  2179 | D:2      | 2179 ||| IDENTIFYING green potion
  2250 | D:3      | 2250 ||| Stepping ~*~*~tactically~*~*~ (stealth).
  2302 | D:3      | 2302 ||| Stepping ~*~*~tactically~*~*~ (stealth).
  2305 | D:3      | 2305 ||| Stepping ~*~*~tactically~*~*~ (stealth).
  2316 | D:3      | Reached skill level 5 in Axes
  2397 | D:3      | Found a broken altar of Ashenzari.
  2398 | D:3      | Found a shimmering blue altar of Sif Muna.
  2521 | D:3      | 2521 ||| Stepping ~*~*~tactically~*~*~ (stealth).
  2523 | D:3      | 2523 ||| Stepping ~*~*~tactically~*~*~ (stealth).
  2788 | D:3      | 2788 ||| READING scroll labelled PAYRIW TATIL.
  2789 | D:3      | 2789 ||| READING scroll labelled VIUBAXK PACK.
  2842 | D:4      | Gained mutation: Your magical nature lets you fly swiftly
                  | and evasively. [Tengu growth]
  2842 | D:4      | Reached XP level 5. HP: 24/30 MP: 9/9
  2924 | D:4      | Reached skill level 6 in Axes
  2989 | D:4      | 2989 ||| Stepping ~*~*~tactically~*~*~ (stealth).
  2992 | D:4      | 2992 ||| FLEEEEING.
  3006 | D:4      | 3006 ||| DRINKING 3 potions of curing.
  3006 | D:4      | 3006 ||| (to cure confusion)
  3017 | D:4      | Reached XP level 6. HP: 32/35 MP: 10/10
  3075 | D:4      | 3075 ||| Stepping ~*~*~tactically~*~*~ (stealth).
  3076 | D:4      | 3076 ||| Stepping ~*~*~tactically~*~*~ (stealth).
  3246 | D:4      | 3246 ||| Stepping ~*~*~tactically~*~*~ (hiding).
  3251 | D:4      | 3251 ||| Stepping ~*~*~tactically~*~*~ (hiding).
  3255 | D:4      | HP: 7/35 [gnoll/+0 halberd[a gnoll bouda] (9)]
  3256 | D:4      | 3256 ||| READING 3 scrolls of teleportation.
  3256 | D:4      | Slain by a gnoll

Levels and vault maps discovered:
D:1:      tarquinn_simple_flora_water_e, layout_rooms,
          chequers_ecumenical_altar_twisty, minmay_misc_feat_doors,
          interstate_on_off, dk_noncrumbling_3, chequers_hall_statues_wall_a,
          serial_bayou_ford_a, minmay_pentomino_z4
D:2:      layout_loops_ring
D:3:      layout_basic, jmf_multi_god_temple
D:4:      layout_cave_pods, mainiacjoe_overflow_alcove_1

Skill      XL: |  1  2  3  4  5 |
---------------+----------------+-----
Axes           | 3 4 5 6 |  6.4
Armour         | 2 |  2.0
Fighting       | |  2.0
Throwing       | |  1.0
Dodging        | |  2.1
Spellcasting   | |  2.0
Translocations | |  2.4

Action                   |  1- 3 |  4- 6 || total
-------------------------+-------+-------++-------
Melee: Hand axe          |    92 |   114 ||   206
       Kick              |    16 |    25 ||    41
       Peck              |     8 |    12 ||    20
       Punch             |     3 |     1 ||     4
Throw: Boomerang         |     7 |     6 ||    13
  Use: Scroll            |     6 |     9 ||    15
       Potion            |     1 |     2 ||     3
Armor: Leather armour    |    18 |       ||    18
       Chain mail        |    16 |    51 ||    67
Dodge: Dodged            |    41 |    30 ||    71
Block: Other             |       |    14 ||    14
       Reflection        |       |     1 ||     1

Table legend:
 A = Non-vault XP
 B = Vault XP
 C = Vault XP percentage of total XP
 D = Non-vault monster count
 E = Vault monster count
 F = Vault count percentage of total count
                 A         B        C        D         E       F
            +---------+---------+-------+---------+---------+-------
      Total |     321 |       7 |   2.1 |      70 |       4 |   5.4
            +---------+---------+-------+---------+---------+-------
        D:1 |      36 |       3 |   7.7 |      21 |       2 |   8.7
        D:2 |      58 |       0 |   0.0 |      23 |       0 |   0.0
        D:3 |      42 |       4 |   8.7 |      15 |       2 |  11.8
        D:4 |     185 |       0 |   0.0 |      11 |       0 |   0.0
            +---------+---------+-------+---------+---------+-------
